 Dungeon Crawl Stone Soup version 0.25.1-2-g60ff931df9 (webtiles) character file.

Game seed: 12129669823281067579

9552 Gunterle the Slinger (level 11, 0/108 HPs)
             Began as a Halfling Arcane Marksman on Sept 23, 2020.
             Was a Priest of the Shining One.
             Slain by a meliai
             ... wielding a +0 war axe
              (2 damage)
             ... in a Gauntlet.
             The game lasted 01:27:32 (16416 turns).

Gunterle the Slinger (Halfling Arcane Marksman)    Turns: 16416, Time: 01:27:32

Health: 0/108      AC: 25    Str: 15    XL:     11   Next: 76%
Magic:  26/26      EV:  3    Int: 14    God:    the Shining One [***...]
Gold:   85         SH:  7    Dex: 16    Spells: 5/18 levels left

rFire    + . .     SeeInvis .   b - +0 hand axe
rCold    + . .     Gourm    .   (shield restricted)
rNeg     + + +     Faith    .   (armour currently unavailable)
rPois    +         Spirit   .   (helmet currently unavailable)
rElec    +         Reflect  .   (cloak currently unavailable)
rCorr    .         Harm     .   (gloves currently unavailable)
MR       .....     NoTele   +   (boots currently unavailable)
Stlth    +.........             (no amulet)
HPRegen  0.28/turn              E - ring "Rumak" {*Contam rElec rF+ MP+9 Str+4}
MPRegen  0.20/turn              e - ring of protection from cold

@: lethally poisoned (0 -> -34), divine shield, tree-form, glowing
A: small, mutation resistance 1
a: Divine Shield, Renounce Religion


You were in a Gauntlet.
You worshipped the Shining One.
The Shining One was most pleased with you.
You were very hungry.
You were a tree.
You visited 2 branches of the dungeon, and saw 12 of its levels.
You also visited: Gauntlet.

You collected 704 gold pieces.
You spent 619 gold pieces at shops.

Inventory:

Hand Weapons
 b - a +0 hand axe (weapon)
 N - a +0 fustibalus of freezing
Missiles
 d - 56 sling bullets
 j - 180 stones
 A - 34 poisoned darts (quivered)
 B - 10 boomerangs
 H - a throwing net
Armour
 m - a +0 ring mail of fire resistance
 s - a +2 pair of gloves of dexterity (melded)
 C - the +2 ring mail of the Doldrums (melded) {MR+ Int+3 Dex-2}
   (You found it on level 9 of the Dungeon)

   It affects your intelligence (+3).
   It affects your dexterity (-2).
   It affects your resistance to hostile enchantments.
 I - a +2 pair of boots of running (melded)
 J - a +1 helmet of see invisible (melded)
 O - a +0 ring mail of cold resistance
Magical Staves
 q - an uncursed staff of wizardry
Jewellery
 e - a ring of protection from cold (right branch)
 k - an uncursed ring of flight
 p - the ring "Louqueh" {rN+ MP+9 Str-2 Int+2}
   (You found it in a Gauntlet)

   [ring of magical power]

   It affects your strength (-2).
   It affects your intelligence (+2).
   It protects you from negative energy.
   It affects your magic capacity (+9).
 E - the ring "Rumak" (left branch) {*Contam rElec rF+ MP+9 Str+4}
   (You found it on level 6 of the Dungeon)

   [ring of magical power]

   It affects your strength (+4).
   It protects you from fire.
   It insulates you from electricity.
   It affects your magic capacity (+9).
   It causes magical contamination when unequipped.
Wands
 a - a wand of paralysis (3)
 K - a wand of flame (16)
Scrolls
 h - 2 scrolls of magic mapping
 i - 8 scrolls of remove curse
 l - a scroll of fear
 r - a scroll of fog
 v - 2 scrolls of enchant armour
 y - 2 scrolls of immolation
 D - 7 scrolls of teleportation
Potions
 c - 2 potions of heal wounds
 g - 2 potions of magic
 n - a potion of ambrosia
 o - 2 potions of resistance
 t - a potion of flight
 z - 6 potions of curing
 L - a potion of berserk rage
 M - a potion of cancellation
 P - 3 potions of brilliance
Comestibles
 f - 19 rations


   Skills:
 + Level 5.2 Fighting
 * Level 6.3 Axes
 * Level 12.1 Slings
 + Level 7.7 Armour
 + Level 6.7 Dodging
 - Level 4.1 Spellcasting
 - Level 4.7 Hexes
 + Level 3.2 Translocations
 + Level 3.9 Invocations
 + Level 1.4 Evocations


You had 5 spell levels left.
You knew the following spells:

 Your Spells              Type           Power        Failure   Level  Hunger
a - Corona                Hex            ###....      2%          1    None
b - Slow                  Hex            ###.....     4%          2    ##.....
c - Portal Projectile     Hex/Tloc       ##....       11%         3    ###....
d - Inner Flame           Hex/Fire       #.......     22%         3    ###....
e - Cause Fear            Hex            ###.......   26%         4    ####...

Your spell library contained the following spells:

 Spells                   Type           Power        Failure   Level  Hunger
 Shock                    Conj/Air       #...         19%         1    None
 Summon Small Mammal      Summ           #...         19%         1    None
 Summon Guardian Golem    Hex/Summ       #.......     22%         3    ###....
 Call Imp                 Summ           #.......     28%         2    ##.....
 Swiftness                Chrm/Air       #.......     28%         2    ##.....
 Call Canine Familiar     Summ           #.......     50%         3    ###....
 Static Discharge         Conj/Air       #.......     50%         3    ###....
 Leda's Liquefaction      Hex/Erth       #.........   58%         4    ####...
 Airstrike                Air            #.........   88%         4    ####...
 Summon Ice Beast         Ice/Summ       #.......     88%         4    ####...
 Summon Lightning Spire   Summ/Air       #.......     88%         4    ####...
 Silence                  Hex/Air        #.........   90%         5    ######.
 Yara's Violent Unravell  Hex/Tmut       #.........   90%         5    ######.
 Bolt of Magma            Conj/Fire/Erth #.........   99%         5    ######.
 Iskenderun's Battlesphe  Conj/Chrm      #.......     99%         5    ######.
 Lightning Bolt           Conj/Air       #.........   99%         5    ######.
 Iron Shot                Conj/Erth      #.........   100%        6    #######
 Orb of Destruction       Conj           #.........   100%        7    #######
 Spellforged Servitor     Conj/Summ      #.........   100%        7    #######
 Discord                  Hex            ###.......   100%        8    #######


Dungeon Overview and Level Annotations

Branches:
Dungeon (11/15)            Temple (1/1) D:6            Lair (0/6) D:10
    Orc (0/2) D:9         Gauntlet (1/1)

Altars:
Ashenzari
Cheibriados
Dithmenos
Elyvilon
Fedhas
Gozag
Hepliaklqana
Kikubaaqudgha
Makhleb
Nemelex Xobeh
Okawaru
Qazlal
Ru
Sif Muna
Trog
Uskayaw
Vehumet
Wu Jian
Xom
Yredelemnul
Zin
The Shining One

Shops:
D:5 [   D:6 *   D:9 (   D:10 }[[*!

Annotations:
D:7 exclusion: door Gauntlet 7 transporters, 21 runed translucent doors, exclusions: obsidian statue and oklob plant


Innate Abilities, Weirdness & Mutations

You are small and have problems with some larger weapons.
You are somewhat resistant to further mutation.


Message History

You feel very sick. The meliai completely misses you.
The meliai stings you but does no damage.
The meliai hits you with a +0 war axe.
* * * LOW HITPOINT WARNING * * *
The meliai stings you but does no damage.
The meliai hits you with a +0 war axe.
* * * LOW HITPOINT WARNING * * *
You block the meliai's attack.
Unknown command.
Your +0 fustibalus of freezing stops glowing.
b - a +0 hand axe (weapon)
* * * LOW HITPOINT WARNING * * *
You feel sick. The meliai hits you but does no damage.
The meliai barely misses you.
The meliai mumbles some strange prayers to its god against you.
Something smites you!
* * * LOW HITPOINT WARNING * * *
The meliai hits you but does no damage. The meliai stings you.
You die...

.......§§≈.............≈#.©.##
........§8≈.§§.........∩#.....
.........§§§...........≈#.©.##
########...###########..#...#
......##...#.........#..#...##
######©#...#..P......#..#.8...
#....#######.P#..P#.$#..#...##
.#.##.##...#...PyPP.[#..#.8.#
#.©.##.#©.©#..Py♣.P.©#..#...#
####.#.#...#....yPP..#..#≈8≈#
....##.#####..#...#.}#..#####
#####..#...#..P...P..#..#
.......#.8.#.........#..###
########...###########..#8#
........................###
.......................≈#
#########################


You could see 3 meliai.

Vanquished Creatures
  A two-headed ogre (D:9)
  An oklob plant (D:10)
  A gargoyle (D:10)
  A queen bee (D:9)
  3 trolls
  A raiju (Gauntlet)
  2 hippogriffs
  7 yaks (D:10)
  A hungry ghost (D:9)
  A floating eye (Gauntlet)
  5 orc warriors
  5 ice beasts
  A sky beast (D:9)
  A black bear (D:10)
  A necrophage (D:6)
  A phantom (D:8)
  8 ogres
  3 centaurs
  A crocodile (D:10)
  2 big kobolds (D:8)
  5 bullfrogs
  2 scorpions
  A jelly (D:10)
  27 killer bees
  A howler monkey (D:2)
  7 crimson imps
  A bullfrog zombie (D:9)
  8 hounds
  6 orc priests
  A centaur skeleton (D:8)
  2 iguanas
  5 worker ants
  5 orc wizards
  A killer bee zombie (D:9)
  A lightning spire (Gauntlet)
  3 hound skeletons
  3 hound zombies
  A worker ant zombie (D:7)
  8 gnolls
  10 adders
  2 howler monkey skeletons
  A shadow imp (D:8)
  2 oozes
  2 worms
  2 adder skeletons
  5 dart slugs
  4 leopard geckos
  59 orcs
  4 giant cockroaches
  A goblin (D:1)
  3 hobgoblins
  7 jackals
  10 kobolds
  7 quokkas
  2 ball pythons
  4 bats
  2 frilled lizards
  A leopard gecko skeleton (D:8)
  A quokka zombie (D:5)
  10 rats
  A spectral orc (D:4)
  3 plants
278 creatures vanquished.

Vanquished Creatures (others)
  2 fungi (Gauntlet)
  7 plants (Gauntlet)
9 creatures vanquished.

Grand Total: 287 creatures vanquished

Notes
Turn   | Place    | Note
-------+----------+-------------------------------------------
     0 | D:1      | Gunterle the Halfling Arcane Marksman began the quest for
                  | the Orb.
     0 | D:1      | Reached XP level 1. HP: 12/12 MP: 2/2
   228 | D:1      | Reached skill level 1 in Fighting
   255 | D:1      | Reached XP level 2. HP: 14/18 MP: 3/3
   614 | D:1      | Reached skill level 1 in Axes
  1104 | D:2      | Found a radiant altar of Vehumet.
  1120 | D:2      | Reached XP level 3. HP: 23/23 MP: 4/4
  1789 | D:2      | Reached skill level 4 in Slings
  1789 | D:2      | Reached XP level 4. HP: 26/28 MP: 5/5
  2022 | D:2      | Reached XP level 5. HP: 31/33 MP: 6/6
  3795 | D:4      | Reached skill level 5 in Slings
  3795 | D:4      | Reached skill level 1 in Armour
  3795 | D:4      | Reached XP level 6. HP: 38/39 MP: 7/7
  4521 | D:4      | Found a basalt altar of Yredelemnul.
  4800 | D:5      | Entered Level 5 of the Dungeon
  4809 | D:4      | Reached XP level 7. HP: 37/45 MP: 9/9
  5047 | D:5      | You fall into a shaft and drop 3 floors!
  5048 | D:8      | Noticed a hungry ghost
  5074 | D:8      | Noticed a two-headed ogre
  5211 | D:9      | Noticed a troll
  5426 | D:9      | Found a hazy altar of Hepliaklqana.
  5490 | D:9      | Noticed a two-headed ogre
  5623 | D:9      | Got an encrusted ring mail
  5634 | D:9      | Identified the +2 ring mail of the Doldrums {MR+ Int+3
                  | Dex-2} (You found it on level 9 of the Dungeon)
  5647 | D:9      | Learned a level 2 spell: Slow
  5651 | D:9      | Learned a level 3 spell: Portal Projectile
  5655 | D:9      | Learned a level 3 spell: Inner Flame
  5694 | D:9      | Reached skill level 6 in Slings
  5897 | D:9      | Reached XP level 8. HP: 23/51 MP: 10/10
  6559 | D:9      | Reached skill level 7 in Slings
  6934 | D:7      | Found a radiant altar of Vehumet.
  7399 | D:7      | Noticed a spriggan baker
  7542 | D:6      | Found an iron altar of Okawaru.
  7965 | D:5      | Found Xyvill's Antique Armour Boutique.
  7973 | D:5      | Bought a pair of runed boots for 150 gold pieces
  7973 | D:5      | Bought a glowing helmet for 150 gold pieces
  7978 | D:5      | Identified a +2 pair of boots of running (You bought it in
                  | a shop on level 5 of the Dungeon)
  8064 | D:5      | Reached XP level 9. HP: 57/57 MP: 12/12
  8354 | D:6      | Got a transparent ivory ring
  8355 | D:6      | Identified the ring "Rumak" {*Contam rElec rF+ MP+9 Str+4}
                  | (You found it on level 6 of the Dungeon)
  8468 | D:6      | Reached skill level 8 in Slings
  9118 | D:6      | Found Leyn's Assorted Antiques.
  9124 | D:6      | Bought a scroll labeled UFOAHA ZAUTOARCH for 28 gold pieces
  9124 | D:6      | Bought a green potion for 25 gold pieces
  9521 | D:6      | Found a staircase to the Ecumenical Temple.
  9531 | Temple   | Entered the Ecumenical Temple
  9598 | Temple   | Became a worshipper of the Shining One
  9964 | D:7      | Reached skill level 5 in Armour
 10220 | D:7      | Reached skill level 9 in Slings
 10232 | D:7      | Reached skill level 5 in Dodging
 10466 | D:7      | Learned a level 4 spell: Cause Fear
 10638 | D:7      | Found a white marble altar of Elyvilon.
 10638 | D:7      | Found a snail-covered altar of Cheibriados.
 10950 | D:8      | Reached * piety under the Shining One
 11036 | D:8      | Found a sparkling altar of Nemelex Xobeh.
 11181 | D:8      | Found a shimmering altar of Xom.
 11181 | D:8      | Found a sacrificial altar of Ru.
 11182 | D:8      | Found a hazy altar of Hepliaklqana.
 11498 | D:6      | Bought a scroll labeled VUSUEH XAUW for 28 gold pieces
 11800 | D:8      | Reached XP level 10. HP: 61/63 MP: 14/14
 12046 | D:8      | Reached skill level 1 in Invocations
 12059 | D:8      | Reached skill level 10 in Slings
 12717 | D:9      | Reached skill level 5 in Axes
 12804 | D:9      | Reached ** piety under the Shining One
 12989 | D:9      | Found Yboijopp's Weapon Shoppe.
 12989 | D:9      | Found a staircase to the Orcish Mines.
 13260 | D:9      | Reached skill level 1 in Translocations
 13732 | D:9      | Reached XP level 11. HP: 70/70 MP: 16/16
 13840 | D:9      | Reached skill level 11 in Slings
 14112 | D:9      | Found a burning altar of Makhleb.
 14112 | D:9      | Noticed a green death
 14136 | D:9      | Killed a two-headed ogre
 14424 | D:6      | Bought a runed hunting sling for 126 gold pieces
 14574 | D:10     | Entered Level 10 of the Dungeon
 14578 | D:10     | Found Viph's Distillery.
 14634 | D:10     | Reached skill level 5 in Fighting
 14640 | D:10     | Bought 2 potions of brilliance for 112 gold pieces
 14870 | D:10     | Found Oryogam's Assorted Antiques.
 15156 | D:10     | Found Leczonib's Armour Boutique.
 15183 | D:10     | Noticed an oklob plant
 15218 | D:10     | Found Xorexih's Gadget Boutique.
 15277 | D:10     | Found Yhygesk's Armour Emporium.
 15367 | D:10     | Reached skill level 1 in Evocations
 15403 | D:10     | Found a blossoming altar of Fedhas.
 15568 | D:10     | Found a staircase to the Lair.
 15592 | D:10     | Killed an oklob plant
 15592 | D:10     | Reached skill level 12 in Slings
 15953 | D:11     | Found a gate leading to a gauntlet.
 15967 | Gauntlet | Entered a Gauntlet
 15967 | Gauntlet | Found a transporter.
 15967 | Gauntlet | Found a transporter.
 15967 | Gauntlet | Found a transporter.
 15967 | Gauntlet | Found a transporter.
 15967 | Gauntlet | Noticed an oklob plant
 15967 | Gauntlet | Noticed a shining eye
 15967 | Gauntlet | Reached *** piety under the Shining One
 15974 | Gauntlet | Found a transporter.
 15976 | Gauntlet | Found a large runed translucent door.
 15977 | Gauntlet | Found a large runed translucent door.
 15977 | Gauntlet | Found a transporter.
 15978 | Gauntlet | Found a large runed translucent door.
 15978 | Gauntlet | Found a large runed translucent door.
 15978 | Gauntlet | Found a runed translucent door.
 15978 | Gauntlet | Found a runed translucent door.
 15979 | Gauntlet | Found a large runed translucent door.
 15979 | Gauntlet | Found a large runed translucent door.
 15979 | Gauntlet | Found a large runed translucent door.
 15979 | Gauntlet | Found a large runed translucent door.
 15980 | Gauntlet | Found a large runed translucent door.
 15980 | Gauntlet | Found a large runed translucent door.
 15980 | Gauntlet | Found a large runed translucent door.
 15981 | Gauntlet | Found a large runed translucent door.
 15981 | Gauntlet | Found a large runed translucent door.
 15981 | Gauntlet | Found a large runed translucent door.
 15981 | Gauntlet | Found a large runed translucent door.
 15981 | Gauntlet | Found a large runed translucent door.
 15985 | Gauntlet | Found a runed translucent gate.
 15985 | Gauntlet | Found a runed translucent gate.
 15994 | Gauntlet | Noticed a blizzard demon
 15995 | Gauntlet | Found a transporter.
 15995 | Gauntlet | Found a transporter.
 15995 | Gauntlet | Found a runed translucent gate.
 15999 | Gauntlet | Found a transporter.
 16001 | Gauntlet | Found a transporter.
 16023 | Gauntlet | Noticed an obsidian statue
 16024 | Gauntlet | Found a transporter.
 16141 | Gauntlet | Found a transporter.
 16305 | Gauntlet | Paralysed by a floating eye for 3 turns
 16350 | Gauntlet | Got a vibrating brass ring
 16377 | Gauntlet | Identified the ring "Louqueh" {rN+ MP+9 Str-2 Int+2} (You
                  | found it in a Gauntlet)
 16416 | Gauntlet | HP: 2/108 [meliai/divine providence (12)]
 16416 | Gauntlet | Slain by a meliai

Illustrated notes

Levels and vault maps discovered:
D:1:      lordsloth_arrival_two_stooges, layout_loops_ring
D:2:      layout_basic, fiery_altar_vehumet, first_ration
D:3:      layout_loops_ring
D:4:      layout_cave_pools, yredelemnul_forgotten_temple_becter,
          kennysheep_generic_room_9
D:5:      layout_basic, serial_shops, shop
D:6:      layout_loops_corners, minmay_temple_entry_glassed_door, serial_shops,
          nicolae_shop_stone, okawaru_trees_1
D:7:      layout_basic, gammafunk_temple_overflow_elements, basic_altar,
          the_bakery, minmay_quadrilaterals
D:8:      hangedman_cross_stitches, layout_basic, overflow_temple_1_default,
          gammafunk_temple_overflow_claw
D:9:      layout_basic, makhleb_altar_promises_db, orc_david_3, basic_altar,
          special_room [special_room_bee]
D:10:     layout_basic, dpeg_oklobed_lair, serial_shops, nicolae_shop_crystal,
          shop, kennysheep_mini_moat, nicolae_shop_behind_doors,
          nicolae_shop_statue_plus, serial_corexii_hall,
          chequers_hall_statues_wall_a, corexii_hall_statues_u,
          corexii_hall_statues_t, corexii_hall_statues_x,
          ebering_dispersal_statue_hall, fedhas_altar_3
D:11:     layout_cross, gauntlet_entry_generic, serial_shops, shop, uniq_urug,
          uniq_grum
Temple:   nicolae_temple_god_jail
Gauntlet: gammafunk_gauntlet_hard_choice [gammafunk_gauntlet_arena_corners,
          nicolae_gauntlet_arena_flowing_pool,
          minmay_gauntlet_arena_make_your_own_arena,
          gammafunk_gauntlet_arena_spirals, nicolae_gauntlet_arena_x,
          gammafunk_gauntlet_arena_hedges, gauntlet_exit_hidden_loot]

Skill      XL: |  1  2  3  4  5  6  7  8  9 10 11 |
---------------+----------------------------------+-----
Fighting       | 1 2 3 4 5 |  5.2
Axes           | 1 2 3 4 5 6 |  6.3
Slings         | 4 5 6 7 9 10 12 | 12.1
Dodging        | 3 4 5 6 |  6.7
Armour         | 1 2 4 5 7 |  7.7
Hexes          | 3 4 |  4.7
Spellcasting   | 2 3 4 |  4.1
Invocations    | 2 3 |  3.9
Translocations | 1 3 |  3.2
Evocations     | 1 |  1.4

Action                   |  1- 3 |  4- 6 |  7- 9 | 10-12 || total
-------------------------+-------+-------+-------+-------++-------
Melee: Hand axe          |    85 |    67 |   163 |    78 ||   393
       Broad axe         |       |       |     3 |       ||     3
 Fire: Hunting sling     |    38 |   117 |   402 |    70 ||   627
       Fustibalus        |       |       |       |   414 ||   414
Throw: Dart              |       |    31 |    62 |     3 ||    96
       Stone             |       |     5 |       |       ||     5
 Cast: Slow              |       |       |     5 |       ||     5
Invok: Divine Shield     |       |       |       |     2 ||     2
Evoke: Wand              |       |       |     5 |       ||     5
  Use: Scroll            |       |     6 |    16 |     7 ||    29
       Potion            |       |       |     6 |     6 ||    12
 Stab: Sleeping          |     1 |     2 |       |       ||     3
  Eat: Chunk             |     3 |     8 |    22 |     9 ||    42
       Ration            |       |       |       |     2 ||     2
Armor: Robe              |     9 |    21 |    59 |       ||    89
       Skin              |       |       |    59 |    54 ||   113
       Ring mail         |       |       |       |    83 ||    83
Dodge: Dodged            |    91 |    97 |   244 |   190 ||   622
Block: Other             |       |       |       |    15 ||    15
